 Dungeon Crawl Stone Soup version 0.32-a0-391-gce5c0aab1b (webtiles) character file.

Game seed: 3123427498948895267

373 SpatialMaelstrom the Magician (level 6, 0/45 HPs)
             Began as a Mountain Dwarf Fire Elementalist on Feb 19, 2024.
             Slain by an orc
             ... wielding a +0 club
              (4 damage)
             ... on level 4 of the Dungeon.
             The game lasted 00:04:20 (4616 turns).

SpatialMaelstrom the Magician (MDFE)                Turns: 4616, Time: 00:04:21

Health: 0/45       AC:  3    Str: 11    XL:     6   Next: 43%
Magic:  10/14      EV: 11    Int: 17    God:
Gold:   238        SH:  0    Dex: 10    Spells: 12/15 levels left

rFire   . . .        e - +1 dagger (speed)
rCold   . . .        (no shield)
rNeg    . . .        a - +0 robe
rPois   .            i - +0 helmet
rElec   .            (no cloak)
rCorr   .            (no gloves)
SInv    .            (no boots)
Will    .....        (no amulet)
Stlth   ++           m - ring of fire
HPRegen 0.27/turn    o - ring of ice
MPRegen 0.14/turn

%: no passive effects
@: no status effects
A: runic magic, artefact enchanting
a: no special abilities


You were on level 4 of the Dungeon.
You visited 1 branch of the dungeon, and saw 5 of its levels.
You also visited: Sewer.

You collected 238 gold pieces.

Inventory:

Hand Weapons
 e - a +1 dagger of speed (weapon)
Armour
 a - a +0 robe (worn)
 i - a +0 helmet (worn)
Jewellery
 m - a ring of fire (left hand)
 o - a ring of ice (right hand)
Scrolls
 c - 2 scrolls of teleportation {unknown}
 d - 2 scrolls of identify {unknown}
 h - a scroll of silence {unknown}
 l - a scroll of blinking {unknown}
 n - 3 scrolls of fear {unknown}
 p - a scroll of enchant armour {unknown}
 q - a scroll of vulnerability {unknown}
Potions
 b - 3 potions of magic
 f - 5 potions of curing {unknown}
 g - a potion of mutation {unknown}
 j - a potion of degeneration {unknown}
 k - a potion of attraction {unknown}
 r - a potion of enlightenment {unknown}
 s - a potion of berserk rage {unknown}
 t - 2 potions of brilliance {unknown}
 u - a potion of cancellation {unknown}


   Skills:
 - Level 1.3 Dodging
 - Level 1.4 Stealth
 + Level 5.4 Spellcasting
 - Level 2.0 Conjurations
 - Level 4.0 Fire Magic


You had 12 spell levels left.
You knew the following spells:

 Your Spells              Type           Power      Damage    Failure   Level
a - Scorch                Fire           54%        2d7       4%          2
f - Foxfire               Conj/Fire      88%        2x1d8     4%          1

Your spell library contained the following spells:

 Spells                   Type           Power      Damage    Failure   Level
 Inner Flame              Hex/Fire       17%        N/A       19%         3
 Volatile Blastmotes      Fire/Tloc      34%        2d12      19%         3
 Flame Wave               Conj/Fire      22%        2d8       36%         4
 Gell's Gravitas          Tloc           4%         N/A       38%         3
 Teleport Other           Tloc           4%         N/A       38%         3
 Dispersal                Tloc           2%         N/A       100%        6


Dungeon Overview and Level Annotations

Branches:
Dungeon (5/15)              Sewer (visited)
 Temple: D:4-7

Altars:


Innate Abilities, Weirdness & Mutations

Your spellcasting is much less encumbered by armour.
You can use scrolls of enchantment on lesser artefacts.


Message History

HP restored.
Done exploring.
Done exploring.
You climb downwards.
The orc priest shouts!
The orc shouts!
The hound closely misses you. The hound bites you.
The orc completely misses you. The sleepcap releases spores at you.
You are engulfed in a cloud of soporific spores!
You fall asleep.
The hound bites you.
You wake up.
The sleepcap completely misses you. The orc hits you but does no damage.
The orc priest looks satisfied for a moment.
The hound bites you.
There is a stone staircase leading up, spattered with blood here.
The hound bites you. The sleepcap releases spores at you.
You are engulfed in a cloud of soporific spores!
You are unaffected.
The orc barely misses you.
The orc priest shouts, "Surrender to Beogh and we'll let you live!" (press Y on the ability menu to convert to Beogh)
You climb upwards.
There is a stone staircase leading down, spattered with blood here.
Unknown command.
Casting: Scorch (safe; 4% risk of failure)
Confirm with . or Enter, or press ? or * to list all spells.
You feel a surge of power!
Flames lash the hound.
The hound is lightly wounded.
The hound's fire resistance burns away.
The hound barely misses you. The orc hits you with a +0 club.
The sleepcap releases spores at you.
You are engulfed in a cloud of soporific spores!
You fall asleep.
The hound bites you!
You wake up.
* * * LOW HITPOINT WARNING * * *
Casting: Scorch (safe; 4% risk of failure)
Confirm with . or Enter, or press ? or * to list all spells.
You feel a surge of power!
Flames lash the hound.
The hound is burned terribly!
You kill the hound!
The sleepcap releases spores at you.
* * * LOW HITPOINT WARNING * * *
The orc hits you with a +0 club.
You die...

.........####..............# #.
.........# #....#########..# #.
.........###..### #..# ##
..............# #..# ##
.....#.......## #..# ###.
.....###......# #..###...
#.....#.......#### #..#.....
#...............f########........
#...............@................
.#.....<........o................
........##.......................
.......####.....................#
......## ##.....................#
.....#####.......................
.....###.........................
....###......<...................
.....#...........................


You could see a sleepcap and an orc.

Vanquished Creatures
  A crocodile (Sewer)
  A phantom (D:4)
  A hound (D:4)
  A bombardier beetle (D:4)
  An iguana (D:4)
  3 adders
  A dart slug (D:1)
  2 ribbon worms
  2 orcs
  4 endoplasms
  2 giant cockroaches
  10 goblins
  5 hobgoblins
  5 jackals
  9 kobolds
  5 quokkas
  4 ball pythons
  3 bats
  6 frilled lizards
  5 rats
71 creatures vanquished.

Vanquished Creatures (others)
  250 foxfires
250 creatures vanquished.

Grand Total: 321 creatures vanquished

Notes
Turn   | Place    | Note
-------+----------+-------------------------------------------
     0 | D:1      | SpatialMaelstrom the Mountain Dwarf Fire Elementalist began
                  | the quest for the Orb.
     0 | D:1      | Reached XP level 1. HP: 14/14 MP: 3/3
    45 | D:1      | Reached skill level 1 in Conjurations
   100 | D:1      | Reached skill level 2 in Spellcasting
   100 | D:1      | Reached XP level 2. HP: 10/20 MP: 0/5
   432 | D:1      | Reached XP level 3. HP: 26/26 MP: 3/6
  1118 | D:2      | Learned a level 2 spell: Scorch
  1377 | D:2      | Reached skill level 3 in Spellcasting
  1396 | D:2      | Reached XP level 4. HP: 33/33 MP: 1/8
  1634 | D:2      | Found a faded altar of an unknown god.
  2534 | D:3      | Found a glowing drain.
  2538 | Sewer    | Entered a sewer
  2630 | Sewer    | Noticed a crocodile
  2640 | Sewer    | Killed a crocodile
  2641 | Sewer    | Reached skill level 4 in Spellcasting
  2641 | Sewer    | Reached XP level 5. HP: 21/38 MP: 0/11
  3834 | D:4      | Reached skill level 5 in Spellcasting
  3834 | D:4      | Reached XP level 6. HP: 45/45 MP: 8/13
  4549 | D:5      | Entered Level 5 of the Dungeon
  4616 | D:4      | Slain by an orc

Illustrated notes

Levels and vault maps discovered:
D:1:      eino_arrival_cavern_a, layout_rooms, chequers_serial_rivers_marsh,
          chequers_serial_rivers_large_b
D:2:      layout_rooms, ebering_ecumenical_altar_rust
D:3:      layout_loops_corners, gup_sewer_entry_bowl
D:4:      layout_layer_cave
D:5:      layout_basic

Skill      XL: |  1  2  3  4  5 |
---------------+----------------+-----
Conjurations   | 1 2 |  2.0
Spellcasting   | 2 3 4 5 |  5.4
Fire Magic     | 4 |  4.0
Dodging        | |  1.3
Stealth        | |  1.4

Action                     |  1- 3 |  4- 6 || total
---------------------------+-------+-------++-------
  Melee: Unarmed           |     7 |       ||     7
         Dagger            |       |     2 ||     2
   Cast: Foxfire           |    54 |    87 ||   141
         Scorch            |       |    10 ||    10
 Armour: Robe              |    12 |    23 ||    35
  Dodge: Dodged            |     6 |    13 ||    19

Table legend: (Time is in decaauts)
 A = Elapsed time spent in this place.
 B = Non-inter-level travel time spent in this place.
 C = Inter-level travel time spent in this place.
 D = Time resting spent in this place.
 E = Time spent auto-exploring this place.
 F = Levels seen in this place.
 G = Mean time per level.
                   A        B        C        D        E       F      G
               +--------+--------+--------+--------+--------+-----+--------+
         Total |   4660 |   4496 |    164 |     63 |   3992 |   6 |  776.7 |
       Dungeon |   4361 |   4197 |    164 |      0 |   3831 |   5 |  872.2 |
         Sewer |    298 |    298 |      0 |     63 |    161 |   1 |  298.0 |
               +--------+--------+--------+--------+--------+-----+--------+

Top non-repeatable levels by time:
     D:4: 1341 daAuts
     D:1: 1136 daAuts
     D:3: 978 daAuts
     D:2: 899 daAuts
   Sewer: 298 daAuts
     D:5: 5 daAuts
